 Dungeon Crawl Stone Soup version 0.29-a0-817-g9904bce7a6 (webtiles) character file.

Game seed: 2160709981476884162

30 pericles the Covered (level 3, 0/29 HPs)
             Began as a Human Fighter on July 5, 2022.
             Was a Follower of Nemelex Xobeh.
             Slain by an orc
             ... wielding a +0 war axe
              (7 damage)
             ... on level 3 of the Dungeon.
             The game lasted 00:06:39 (950 turns).

pericles the Covered (Human Fighter)                 Turns: 950, Time: 00:06:39

Health: 0/29       AC:  6    Str: 18    XL:     3   Next: 35%
Magic:  3/3        EV:  9    Int:  8    God:    Nemelex Xobeh [*.....]
Gold:   33         SH:  4    Dex: 12    Spells: 2/3 levels left

rFire   . . .      SeeInvis +   a - +0 long sword
rCold   . . .      Faith    .   c - +0 buckler
rNeg    . . .      Spirit   .   b - +0 scale mail
rPois   .          Reflect  .   (no helmet)
rElec   .          Harm     .   (no cloak)
rCorr   .          Rampage  .   (no gloves)
Will    .....                   (no boots)
Stlth   ..........              (no amulet)
HPRegen 0.09/turn               e - ring of see invisible
MPRegen 0.08/turn               (no ring)

@: no status effects
A: no striking features
a: Renounce Religion, Draw Escape, Draw Destruction, Draw Summoning


You were on level 3 of the Dungeon.
You worshipped Nemelex Xobeh.
Nemelex Xobeh was aware of your devotion.
You visited 1 branch of the dungeon, and saw 3 of its levels.

You collected 33 gold pieces.

Inventory:

Hand Weapons
 a - a +0 long sword (weapon)
Missiles
 h - 8 stones (quivered)
Armour
 b - a +0 scale mail (worn)
 c - a +0 buckler (worn)
Jewellery
 e - a ring of see invisible (left hand)
Potions
 d - a potion of might


   Skills:
 + Level 3.2 Fighting
 + Level 2.3 Long Blades
 + Level 3.4 Armour
 + Level 3.2 Shields
 + Level 0.5 Spellcasting


You had 2 spell levels left.
You knew the following spells:

 Your Spells              Type           Power      Damage    Failure   Level
a - Summon Small Mammal   Summ           0%         N/A       86%         1

Your spell library contained the following spells:

 Spells                   Type           Power      Damage    Failure   Level
 Call Canine Familiar     Summ           0%         N/A       99%         3
 Summon Guardian Golem    Hex/Summ       0%         N/A       99%         3


Dungeon Overview and Level Annotations

Branches:
Dungeon (3/15)

Altars:
Nemelex Xobeh


Message History

The goblin is moderately wounded.
The goblin hits you but does no damage. The goblin hits you with a +0 dagger.
You hit the goblin.
The goblin is severely wounded.
The goblin barely misses you.
You slash the goblin!
You kill the goblin!
Things that are here:
a +0 dagger; a +0 sling; a goblin corpse
Things that are here:
a +0 dagger; a +0 sling; a goblin corpse
Okay, then. 2 orcs come into view.
The orc shouts!
You hear a shout!
An orc comes into view. It is wielding a +0 whip.
An orc comes into view. It is wielding a +0 war axe.
The orc shouts!
You see here 5 stones.
The orc attacks as you move away! You block the orc's attack.
The orc closely misses you. The orc attacks as you move away!
The orc hits you with a +0 hand axe. The orc attacks as you move away!
The orc hits you with a +0 hand axe. The orc attacks as you move away!
The orc hits you with a +0 hand axe.
You hit the orc but do no damage. The orc hits you with a +0 hand axe.
The orc hits you but does no damage. The orc barely misses you.
You slash the orc!
You kill the orc!
You block the orc's attack.
You hit the orc but do no damage. The orc hits you but does no damage.
The orc completely misses you. The orc closely misses you.
The orc hits you but does no damage. The orc hits you with a +0 war axe.
The orc barely misses you. The orc attacks as you move away!
The orc hits you with a +0 war axe. The orc barely misses you.
The orc attacks as you move away! The orc barely misses you.
The orc attacks as you move away! The orc hits you with a +0 war axe.
* * * LOW HITPOINT WARNING * * *
The orc attacks as you move away! The orc hits you with a +0 war axe!
You die...
Your body disappears without a glow.

## ###########....
...............
........##
##########).####
#....@oo.......#
#.....o...)....#
#..............# #
#..............###.###
#.....................
#.............(.##.###
#######.........#
######..#.# ......#


You could see 3 orcs.

Vanquished Creatures
  2 dart slugs (D:1)
  An orc (D:3)
  A ball python (D:1)
  2 endoplasms
  A giant cockroach (D:1)
  2 goblins
  4 hobgoblins (D:1)
  3 kobolds
  3 bats (D:1)
  A frilled lizard (D:1)
  A rat (D:1)
21 creatures vanquished.

Notes
Turn   | Place    | Note
-------+----------+-------------------------------------------
     0 | D:1      | pericles the Human Fighter began the quest for the Orb.
     0 | D:1      | Reached XP level 1. HP: 18/18 MP: 1/1
   191 | D:1      | Reached XP level 2. HP: 23/24 MP: 2/2
   378 | D:1      | Learned a level 1 spell: Summon Small Mammal
   546 | D:1      | Found a faded altar of an unknown god.
   575 | D:1      | Prayed at the altar of an unknown god.
   575 | D:1      | Became a worshipper of Nemelex Xobeh the Trickster
   575 | D:1      | Reached * piety under Nemelex Xobeh
   723 | D:1      | Reached XP level 3. HP: 28/29 MP: 3/3
   950 | D:3      | Slain by an orc

Illustrated notes

Levels and vault maps discovered:
D:1:      onia_arrival_mini_spirals, layout_basic,
          hellmonk_ecumenical_altar_run_dry, nicolae_hexahallways
D:2:      wander_river, layout_loops_corners, serial_shops,
          nicolae_shop_statue_plus, chequers_serial_rivers_micro_b, uniq_jessica
D:3:      layout_basic, kennysheep_generic_room_16

Action                   || total
-------------------------++-------
Melee: Long sword        ||    73
 Cast: Summon Small Mamm ||     1
  Use: Scroll            ||     5
       Potion            ||     1
Armor: Scale mail        ||    40
Dodge: Dodged            ||    33
Block: Buckler           ||    16

Table legend: (Time is in decaauts)
 A = Elapsed time spent in this place.
 B = Non-inter-level travel time spent in this place.
 C = Inter-level travel time spent in this place.
 D = Time resting spent in this place.
 E = Time spent auto-exploring this place.
 F = Levels seen in this place.
 G = Mean time per level.
                   A        B        C        D        E       F      G
               +--------+--------+--------+--------+--------+-----+--------+
         Total |    972 |    972 |      0 |    243 |    195 |   3 |  324.0 |
       Dungeon |    972 |    972 |      0 |    243 |    195 |   3 |  324.0 |
               +--------+--------+--------+--------+--------+-----+--------+

Top non-repeatable levels by time:
     D:1: 869 daAuts
     D:3: 55 daAuts
     D:2: 46 daAuts
